 Dungeon Crawl Stone Soup version 0.30-a0-311-gf115ab0292 (webtiles) character file.

Game seed: 13856164570706061297

318 koil the Shooter (level 6, 0/32 HPs)
             Began as a Spriggan Hunter on Oct 26, 2022.
             Slain by an orc
             ... wielding a +0 hand axe
              (2 damage)
             ... on level 4 of the Dungeon.
             The game lasted 00:04:49 (2446 turns).

koil the Shooter (Spriggan Hunter)                  Turns: 2446, Time: 00:04:49

Health: 0/32       AC:  2    Str:  7    XL:     6   Next: 21%
Magic:  11/11      EV: 19    Int: 10    God:
Gold:   204        SH:  0    Dex: 21    Spells: 8/10 levels left

rFire   . . .      SeeInvis +    a - +0 shortbow
rCold   . . .      Faith    .    (shield currently unavailable)
rNeg    . . .      Spirit   .    c - +0 robe
rPois   .          Reflect  .    (helmet restricted)
rElec   .          Harm     .    (no cloak)
rCorr   .          Rampage  .    (gloves unavailable)
Will    +....                    (boots unavailable)
Stlth   +++.......               (no amulet)
HPRegen 0.25/turn                (no ring)
MPRegen 0.12/turn                (no ring)

@: very quick
A: very small, no large weapons, unfitting armour, see invisible, speed 3
a: no special abilities


You were on level 4 of the Dungeon.
You visited 1 branch of the dungeon, and saw 4 of its levels.

You collected 204 gold pieces.

Inventory:

Hand Weapons
 a - a +0 shortbow (weapon)
 b - a +0 dagger
Armour
 c - a +0 robe (worn)
Scrolls
 d - 5 scrolls of immolation
 i - 4 scrolls of identify {unknown}
 k - a scroll of magic mapping {unknown}
 n - a scroll of fear {unknown}
 p - a scroll of noise {unknown}
Potions
 e - 3 potions of curing {unknown}
 f - a potion of mutation {unknown}
 g - 2 potions of lignification {unknown}
 h - 3 potions of ambrosia {unknown}
 j - 2 potions of heal wounds {unknown}
 l - a potion of attraction {unknown}
 m - a potion of degeneration {unknown}
 o - a potion of resistance {unknown}
 q - a potion of might {unknown}


   Skills:
 + Level 2.6 Fighting
 + Level 4.8 Ranged Weapons
 + Level 4.2 Dodging
 + Level 4.0 Stealth
 + Level 2.7 Spellcasting
 + Level 3.1 Translocations


You had 8 spell levels left.
You knew the following spells:

 Your Spells              Type           Power      Damage    Failure   Level
a - Blink                 Tloc           14%        N/A       12%         2

Your spell library contained the following spells:

 Spells                   Type           Power      Damage    Failure   Level
 Momentum Strike          Conj/Tloc      8%         3d8       22%         2
 Lesser Beckoning         Tloc           14%        N/A       24%         3
 Manifold Assault         Tloc           7%         N/A       61%         4
 Inner Flame              Hex/Fire       1%         N/A       65%         3
 Cause Fear               Hex            0%         N/A       96%         4
 Dispersal                Tloc           3%         N/A       100%        6
 Discord                  Hex            0%         N/A       100%        8
 Disjunction              Tloc           3%         N/A       100%        8


Dungeon Overview and Level Annotations

Branches:
Dungeon (4/15)             Temple (0/1) D:4

Altars:
Fedhas


Innate Abilities, Weirdness & Mutations

You are very small and have problems with some larger weapons.
You are too small for most types of armour.
You have supernaturally acute eyesight. (SInv)
You cover ground extremely quickly. (Speed+++)


Message History

The orc wizard is moderately wounded.
Fire: a) +0 shortbow
Press: ? - help, Q - select action, (/) - cycle Shift-Dir - straight line, f/p - orc wizard
Aim: an orc wizard, wielding a +2 dagger of venom and wearing a +0 robe (moderately wounded, slightly transparent, 59% to hit)
You shoot an arrow. The arrow hits the orc wizard.
The orc wizard is heavily wounded.
Fire: a) +0 shortbow
Press: ? - help, Q - select action, (/) - cycle Shift-Dir - straight line, f/p - orc wizard
Aim: an orc wizard, wielding a +2 dagger of venom and wearing a +0 robe (heavily wounded, slightly transparent, 59% to hit)
You shoot an arrow. The arrow hits the orc wizard.
The orc wizard is severely wounded.
Fire: a) +0 shortbow
Press: ? - help, Q - select action, (/) - cycle Shift-Dir - straight line, f/p - orc wizard
Aim: an orc wizard, wielding a +2 dagger of venom and wearing a +0 robe (severely wounded, slightly transparent, 59% to hit)
You shoot an arrow.
The arrow hits the orc wizard but does no damage.
The orc wizard is severely wounded.
The orc wizard casts a spell at you. The magic dart hits you!
* * * LOW HITPOINT WARNING * * *
Fire: a) +0 shortbow
Press: ? - help, Q - select action, (/) - cycle Shift-Dir - straight line, f/p - orc wizard
Aim: an orc wizard, wielding a +2 dagger of venom and wearing a +0 robe (severely wounded, slightly transparent, 59% to hit)
You shoot an arrow. The arrow hits the orc wizard.
The orc wizard is almost dead.
The orc wizard gestures at you while chanting.
You resist with almost no effort.
Fire: a) +0 shortbow
Press: ? - help, Q - select action, (/) - cycle Shift-Dir - straight line, f/p - orc wizard
Aim: an orc wizard, wielding a +2 dagger of venom and wearing a +0 robe (almost dead, slightly transparent, 59% to hit)
You shoot an arrow. The arrow hits the orc wizard.
You kill the orc wizard!
Your Stealth skill increases to level 4!
Fire: a) +0 shortbow
Press: ? - help, Q - select action, (/) - cycle Shift-Dir - straight line, f - orc
Aim: an orc, wielding a +0 hand axe (65% to hit)
You shoot an arrow. The arrow closely misses the orc.
The arrow barely misses the hobgoblin.
The orc hits you with a +0 hand axe.
You die...

.....J)..o.o.....#..#
######.#########....#
#.#.....# #.._.#
J$#.....# #....#
.###.....###g#..#
...........).)#### |.
###.....##...#.# g..
########.o.#.#
#.@.#.##########
#.#.#...........
#.#.............
..#.....####...#
...#........#...#
..#.#........#...#
...#.#........#...#
..#.#..........#...#
########.†..#...####


You could see an orc and a hobgoblin.

Vanquished Creatures
  An ogre (D:3)
  A phantom (D:4)
  2 orc wizards (D:4)
  5 adders
  A worm (D:2)
  2 dart slugs
  An orc (D:4)
  6 ball pythons
  3 endoplasms
  4 giant cockroaches
  4 goblins
  6 hobgoblins
  2 quokkas (D:2)
  4 bats (D:1)
  7 frilled lizards
  5 kobolds
  3 rats (D:1)
57 creatures vanquished.

Notes
Turn   | Place    | Note
-------+----------+-------------------------------------------
     0 | D:1      | koil the Spriggan Hunter began the quest for the Orb.
     0 | D:1      | Reached XP level 1. HP: 10/10 MP: 2/2
   170 | D:1      | Reached XP level 2. HP: 13/15 MP: 3/3
   275 | D:1      | Reached skill level 1 in Spellcasting
   379 | D:1      | Learned a level 2 spell: Blink
   727 | D:2      | Reached XP level 3. HP: 18/18 MP: 5/5
   976 | D:2      | Reached skill level 1 in Translocations
  1339 | D:2      | Reached XP level 4. HP: 22/23 MP: 7/7
  1531 | D:3      | Noticed an ogre
  1568 | D:3      | Killed an ogre
  1569 | D:3      | Reached XP level 5. HP: 19/27 MP: 7/9
  2218 | D:4      | Found a staircase to the Ecumenical Temple.
  2342 | D:4      | Noticed a phantom
  2349 | D:4      | Killed a phantom
  2374 | D:4      | Found a blossoming altar of Fedhas.
  2391 | D:4      | Reached XP level 6. HP: 30/32 MP: 10/10
  2443 | D:4      | HP: 1/32 [orc wizard/magic dart (10)]
  2446 | D:4      | Slain by an orc

Illustrated notes

Levels and vault maps discovered:
D:1:      lightli_arrival_flooded_house, layout_basic
D:2:      layout_loops_corners, skrybe_limestone_x
D:3:      layout_rooms, kennysheep_generic_room_4
D:4:      layout_basic, mainiacjoe_overflow_alcove_1,
          minmay_temple_entry_butterflies

Skill      XL: |  1  2  3  4  5  6 |
---------------+-------------------+-----
Stealth        | 2 3 4 |  4.0
Dodging        | 3 4 |  4.2
Spellcasting   | 1 2 |  2.7
Fighting       | 2 |  2.6
Translocations | 1 2 3 |  3.1
Ranged Weapons | |  4.8

Action                   |  1- 3 |  4- 6 || total
-------------------------+-------+-------++-------
Melee: Dagger            |       |     1 ||     1
 Fire: Shortbow          |    87 |    70 ||   157
 Stab: Sleeping          |       |     1 ||     1
Armor: Robe              |     2 |     3 ||     5
Dodge: Dodged            |    23 |    17 ||    40

Table legend: (Time is in decaauts)
 A = Elapsed time spent in this place.
 B = Non-inter-level travel time spent in this place.
 C = Inter-level travel time spent in this place.
 D = Time resting spent in this place.
 E = Time spent auto-exploring this place.
 F = Levels seen in this place.
 G = Mean time per level.
                   A        B        C        D        E       F      G
               +--------+--------+--------+--------+--------+-----+--------+
         Total |   1664 |   1566 |     98 |      0 |   1244 |   4 |  416.0 |
       Dungeon |   1664 |   1566 |     98 |      0 |   1244 |   4 |  416.0 |
               +--------+--------+--------+--------+--------+-----+--------+

Top non-repeatable levels by time:
     D:2: 617 daAuts
     D:3: 443 daAuts
     D:1: 426 daAuts
     D:4: 176 daAuts
